AoeStats
← dealedep

Lombardia

510216325Analyzed
4v4 RM · 3d ago on Sep 30, 2026· 58m 2s· 8 players
Game mode
Random Map
Map size
Large (8 player)
Population
200
Speed
Normal
Resources
Standard
Victory
Conquest
Starting age
Dark Age
Ending age
Imperial Age
RankedLock teamsTeams togetherTeam positionsShared explorationLock speedFull tech treeHidden civsTurbo modeCheats
Victory
Defeat
🇺🇾 Mongols · Uruguay
1097
+15
🇵🇪 Dravidians · Peru
1057
+16
🇲🇽 Mapuche · Mexico
1053
+16
🇺🇾 Chinese · Uruguay
1051
+16
🇺🇸 Persians · United States
1113
-17
🇨🇱 Vietnamese · Chile
1079
-17
🇨🇱 Vikings · Chile
1038
-15
🇻🇪 Poles · Venezuela
1018
-14
Tlacaelel.MX
4:53 Loom
10:20 Feudal Age
16:09 Town Watch
19:41 Castle Age
17:55 Double-Bit Axe
17:58 Horse Collar
18:28 Gold Mining
18:57 Stone Mining
20:20 Wheelbarrow
20:11 Fletching
20:35 Pikeman
22:21 Bow Saw
29:50 Elite Skirmisher
32:12 Heavy Plow
34:11 Hand Cart
34:18 Bodkin Arrow
35:57 Forging
37:12 Gold Shaft Mining
36:47 Padded Archer Armor
38:40 Scale Mail Armor
43:18 Imperial Age
41:14 Champi Runner
42:31 Fervor
42:41 Sanctity
43:26 Stone Shaft Mining
43:04 Malon
43:58 Leather Archer Armor
43:46 Halberdier
48:04 Chain Mail Armor
47:40 Champi Warrior
48:46 Caravan
50:05 Iron Casting
50:57 Crop Rotation
51:25 Ring Archer Armor
51:16 Capped Ram
51:47 Arson
53:39 Conscription
55:08 Plate Mail Armor
56:22 Hoardings
57:51 Blast Furnace
57:18 Ballistics
APOLO
11:42 Feudal Age
17:10 Castle Age
15:44 Double-Bit Axe
15:47 Horse Collar
18:16 Bow Saw
25:32 Heavy Plow
25:27 Gold Mining
25:27 Stone Mining
26:49 Wheelbarrow
27:01 Town Watch
27:02 Loom
28:37 Hand Cart
28:58 Town Patrol
29:34 Coinage
29:46 Padded Archer Armor
29:36 Fletching
30:43 Ballistics
30:57 Thumb Ring
31:33 Elite Skirmisher
35:39 Imperial Age
34:04 Leather Archer Armor
33:46 Bodkin Arrow
37:35 Ring Archer Armor
37:05 Bracer
37:07 Elite Elephant Archer
39:20 Chemistry
38:31 Masonry
40:46 Two-Man Saw
39:20 Siege Elephant
40:08 Medical Corps
40:23 Conscription
43:31 Hoardings
43:59 Forging
43:49 Scale Mail Armor
44:12 Wootz Steel
43:13 Elite Urumi Swordsman
53:02 Pikeman
53:42 Squires
53:46 Gambesons
53:47 Arson
54:31 Halberdier
57:37 Chain Mail Armor
57:58 Iron Casting
A Casa Gordito
11:50 Feudal Age
15:54 Castle Age
14:33 Double-Bit Axe
15:42 Horse Collar
21:19 Stone Mining
22:16 Loom
24:58 Wheelbarrow
24:36 Bow Saw
26:41 Hand Cart
27:06 Gold Mining
27:22 Heavy Plow
27:31 Scale Barding Armor
27:36 Forging
29:24 Husbandry
29:35 Bloodlines
30:10 Chain Barding Armor
30:25 Iron Casting
36:01 Gold Shaft Mining
36:02 Stone Shaft Mining
40:02 Imperial Age
37:20 Town Watch
39:45 Town Patrol
40:07 Elite Steppe Lancer
41:50 Blast Furnace
41:51 Coinage
41:21 Caravan
44:40 Conscription
44:43 Drill
45:53 Banking
47:12 Chemistry
46:09 Capped Ram
47:40 Light Cavalry
48:10 Siege Ram
Danubio Futbol Club
0:31 Loom
10:30 Feudal Age
14:42 Castle Age
13:07 Horse Collar
13:28 Double-Bit Axe
24:51 Heavy Plow
25:03 Bow Saw
25:14 Pikeman
35:08 Imperial Age
33:27 Forging
33:17 Scale Mail Armor
34:13 Wheelbarrow
33:23 Town Watch
36:05 Iron Casting
35:45 Chain Mail Armor
36:54 Chemistry
36:14 Ballistics
36:29 Heavy Rocket Cart
37:32 Conscription
38:39 Hand Cart
38:24 Town Patrol
39:12 Caravan
39:02 Halberdier
39:44 Squires
39:29 Arson
42:11 Blast Furnace
41:41 Plate Mail Armor
41:02 Fletching
41:12 Padded Archer Armor
44:02 Rocketry
46:17 Murder Holes
46:33 Fortified Wall
51:37 Bodkin Arrow
Yisus
4:34 Loom
10:39 Feudal Age
11:25 Double-Bit Axe
19:02 Castle Age
19:34 Forging
19:30 Scale Barding Armor
20:05 Husbandry
20:15 Bloodlines
20:35 Gold Mining
21:15 Town Watch
22:44 Horse Collar
24:50 Wheelbarrow
27:00 Iron Casting
28:53 Chain Barding Armor
29:53 Hand Cart
29:52 Heavy Plow
35:59 Imperial Age
35:07 Bow Saw
34:53 Stone Mining
36:19 Thumb Ring
35:50 Elite Skirmisher
36:34 Cavalier
37:56 Plate Barding Armor
37:51 Town Patrol
42:01 Imperial Skirmisher
42:57 Chatras
46:53 Fletching
47:03 Padded Archer Armor
48:13 Bodkin Arrow
48:33 Leather Archer Armor
48:11 Elite Battle Elephant
49:32 Crop Rotation
50:10 Two-Man Saw
52:31 Pikeman
53:42 Bracer
54:39 Arson
57:19 Ballistics
Napoleon
12:13 Feudal Age
10:28 Loom
17:36 Castle Age
15:54 Horse Collar
16:07 Double-Bit Axe
16:49 Gold Mining
17:48 Bloodlines
17:47 Scale Barding Armor
24:07 Heavy Plow
27:55 Wheelbarrow
28:50 Chain Barding Armor
28:53 Hand Cart
32:06 Forging
34:59 Imperial Age
32:41 Husbandry
33:01 Bow Saw
33:39 Gold Shaft Mining
34:20 Iron Casting
33:34 Town Watch
34:13 Stone Mining
35:41 Conscription
35:31 Cavalier
36:58 Crop Rotation
37:43 Plate Barding Armor
39:39 Blast Furnace
39:19 Caravan
41:01 Two-Man Saw
40:55 Stone Shaft Mining
40:43 Fletching
40:55 Padded Archer Armor
44:58 Leather Archer Armor
44:39 Bodkin Arrow
44:07 Elite Skirmisher
44:53 Thumb Ring
44:13 Savar
46:10 Imperial Skirmisher
47:24 Ring Archer Armor
47:28 Ballistics
48:20 Chemistry
47:31 Masonry
47:16 Murder Holes
50:54 Scale Mail Armor
53:22 Elite War Elephant
55:54 Elite War Elephant
57:16 Hoardings
56:56 Citadels
57:19 Architecture
dealedep
11:04 Feudal Age
14:54 Loom
18:01 Castle Age
16:33 Double-Bit Axe
22:11 Bloodlines
22:26 Stone Mining
28:43 Wheelbarrow
28:00 Town Watch
28:13 Gold Mining
28:07 Horse Collar
28:40 Bow Saw
30:56 Fletching
31:39 Murder Holes
31:50 Bodkin Arrow
32:06 Forging
34:07 Iron Casting
37:45 Hand Cart
39:14 Squires
38:35 Pikeman
39:01 Arson
41:42 Scale Mail Armor
43:27 Husbandry
43:47 Chain Mail Armor
46:46 Imperial Age
44:21 Town Patrol
49:17 Blast Furnace
48:48 Plate Mail Armor
49:01 Conscription
48:16 Elite Obuch
52:02 Cavalier
52:53 Scale Barding Armor
55:46 Chain Barding Armor
T3krom_xD
1:52 Loom
2:38 Loom
12:34 Feudal Age
16:19 Double-Bit Axe
18:39 Castle Age
18:27 Fletching
18:37 Padded Archer Armor
19:05 Crossbowman
21:00 Horse Collar
21:49 Town Watch
22:49 Bow Saw
23:14 Fortified Wall
25:21 Ballistics
28:41 Bodkin Arrow
36:41 Imperial Age
34:50 Leather Archer Armor
34:38 Gold Mining
37:44 Bracer
38:14 Ring Archer Armor
37:22 Arbalester
39:36 Chemistry
39:55 Capped Ram
48:57 Chieftains
49:05 Scale Mail Armor
49:15 Forging
49:24 Elite Varangian Guard
50:08 Squires
49:59 Arson
50:34 Chain Mail Armor
Connection lost

Rejoining the realm…

Still unreachable

The connection could not be restored.

Session expired

The server has moved on; the page needs a fresh start.